 Dungeon Crawl Stone Soup version bcrawl-1.21.2-20-g6d45ba5942 (webtiles) character file.

Game seed: 8254709406317779073

343 Banto the Spark (level 6, -1/53 HPs)
             Began as a Demigod Wanderer on Mar 3, 2020.
             Slain by an ogre
             ... wielding a +0 giant spiked club
              (28 damage)
             ... on level 4 of the Dungeon.
             The game lasted 00:03:43 (2475 turns).

Banto the Spark (Demigod Wanderer)                  Turns: 2475, Time: 00:03:44

Health: -1/53      AC:  5    Str: 20    XL:     6   Next: 31%
Magic:  13/13      EV: 10    Int: 15    God:    Demigod [*.....]
Gold:   162        SH:  0    Dex: 17    Spells: 5/5 levels left

rFire    . . .     SeeInvis .   b - +4 flail (holy)
rCold    . . .     Gourm    .   (no shield)
rNeg     . . .     Faith    .   k - +0 ring mail
rPois    .         Spirit   .   (no helmet)
rElec    +         Reflect  .   (no cloak)
rCorr    .         Harm     .   (no gloves)
MR       .....                  (no boots)
Stlth    +.........             (no amulet)
HPRegen  0.17/turn              l - ring of insulation
MPRegen  0.13/turn              (no ring)

@: no status effects
A: high mp 1
a: Temporal Distortion


You were on level 4 of the Dungeon.
You worshipped Demigod.
Demigod was aware of your devotion.
You were not hungry.

You visited 1 branch of the dungeon, and saw 4 of its levels.

You collected 162 gold pieces.

Inventory:

Hand Weapons
 a - a +0 shortbow
 b - a +4 flail of holy wrath (weapon)
Missiles
 c - 456 arrows
Armour
 k - a +0 ring mail (worn)
Jewellery
 l - a ring of insulation (left hand)
Wands
 o - a wand of disintegration (19)
 t - a wand of paralysis (14)
Scrolls
 g - 3 scrolls of magic mapping
 i - 2 scrolls of teleportation
Potions
 d - 2 potions of agility
 h - 2 potions of heal wounds {unknown}
 j - a potion of resistance {unknown}
 m - 2 potions of flight {unknown}
 n - a potion of ambrosia {unknown}
 p - a potion of haste {unknown}
 q - a potion of mutation {unknown}
 r - 3 potions of lignification {unknown}
 s - a potion of invisibility {unknown}
Comestibles
 e - 6 rations {!d}


   Skills:
 - Level 4.6 Fighting
 - Level 1.1 Bows
 + Level 3.7 Armour
 - Level 2.0 Stealth
 - Level 6.1 Invocations
 - Level 1.0 Evocations


You had 5 spell levels left.
You didn't know any spells.
Your spell library was empty.

Dungeon Overview and Level Annotations

Branches:
Dungeon (4/12)
 Temple: D:4-7


Innate Abilities, Weirdness & Mutations

You have an increased reservoir of magic. (+10% MP)


Message History

Aim: an ogre, wielding a +0 giant spiked club You shoot an arrow.
The arrow barely misses the ogre.
Your +4 flail of holy wrath softly glows with a divine radiance!
b - a +4 flail of holy wrath (weapon)
You completely miss the ogre.
The ogre hits you with a +0 giant spiked club!
You hit the ogre.
The ogre is lightly wounded.
The ogre barely misses you.
You hit the ogre.
The ogre is lightly wounded.
The ogre hits you with a +0 giant spiked club!
You are too injured to fight recklessly!
You are too injured to fight recklessly!
You hit the ogre but do no damage.
The ogre is lightly wounded.
The ogre hits you with a +0 giant spiked club!!
Ouch! That really hurt!
You die...
Your divinity fades.

#....##......####
..# ###.###.....#
#...# #.##### #.###
#.# ## #.# #.# ##. #
###.# #.# #.< #.
###...# #.# #.#
#..#...###
###.####)#
#..@#######.........
##O.###.....######..
............# #.#
#.#.#.#.#.#.## #.#
#.........#.# ##.#
#.#.#.#.#...##
###.(#
#............#
#...##
#.#.#.#.#.##<###.###
........##.....####


You could see an ogre.

Vanquished Creatures
  Edmund (D:4)
  An ogre (D:4)
  An orc wizard (D:2)
  4 adders
  A gnoll (D:2)
  An ooze (D:2)
  A worm (D:2)
  4 dart slugs
  4 leopard geckos
  5 orcs
  4 giant cockroaches
  5 goblins
  6 hobgoblins
  A ball python (D:2)
  4 bats
  2 frilled lizards (D:2)
  5 kobolds
  4 rats (D:1)
54 creatures vanquished.

Notes
Turn   | Place    | Note
-------+----------+-------------------------------------------
     0 | D:1      | Banto the Demigod Wanderer began the quest for the Orb.
     0 | D:1      | Banto set off with the following items: a +0 shortbow, a
                  | wand of paralysis (15), 143 arrows, a potion of agility, a
                  | ration {!d}, a +0 dagger, a +0 robe
     0 | D:1      | Reached XP level 1. HP: 22/22 MP: 3/3
   165 | D:1      | Reached skill level 1 in Invocations
   230 | D:1      | Reached XP level 2. HP: 28/28 MP: 5/5
   321 | D:1      | Reached skill level 2 in Invocations
   632 | D:2      | Reached skill level 3 in Invocations
   646 | D:2      | Reached * piety under Demigod
   652 | D:2      | Reached XP level 3. HP: 34/34 MP: 7/7
   691 | D:2      | Reached skill level 4 in Invocations
  1016 | D:2      | Reached skill level 5 in Invocations
  1016 | D:2      | Reached XP level 4. HP: 32/41 MP: 8/10
  1195 | D:2      | Found a hide-covered altar of Uskayaw.
  1243 | D:2      | Found a faded altar of an unknown god.
  1481 | D:3      | Found a glowing silver altar of Zin.
  1481 | D:3      | Noticed an angel
  1482 | D:3      | Found a shimmering altar of Xom.
  2050 | D:3      | Found a sacrificial altar of Ru.
  2156 | D:4      | Noticed an ogre
  2161 | D:4      | Killed an ogre
  2161 | D:4      | Reached skill level 6 in Invocations
  2161 | D:4      | Reached XP level 5. HP: 47/47 MP: 10/12
  2247 | D:4      | Noticed Edmund
  2294 | D:4      | Killed Edmund
  2294 | D:4      | Reached XP level 6. HP: 32/53 MP: 13/13
  2475 | D:4      | Slain by an ogre

Skill      XL: |  1  2  3  4  5 |
---------------+----------------+-----
Invocations    | 1 3 5 6 |  6.1
Armour         | 2 3 |  3.7
Fighting       | |  4.6
Bows           | |  1.1
Stealth        | |  2.0
Evocations     | |  1.0

Action                   |  1- 3 |  4- 6 || total
-------------------------+-------+-------++-------
Melee: Flail             |       |    11 ||    11
 Fire: Shortbow          |   121 |    63 ||   184
Evoke: Wand              |       |     1 ||     1
  Use: Scroll            |       |     7 ||     7
  Eat: Chunk             |       |     5 ||     5
Armor: Ring mail         |    10 |     4 ||    14
Dodge: Dodged            |    21 |    30 ||    51
